 Dungeon Crawl Stone Soup version 0.23.2 (webtiles) character file.

Game seed: 617855699137846446

62405 Borgoz the Slicer (level 15, -9/94 HPs)
             Began as a Gargoyle Gladiator on Apr 13, 2019.
             Was a Priest of Ashenzari.
             Mangled by an enormous slime creature (66 damage)
             ... on level 14 of the Dungeon.
             The game lasted 01:18:45 (23069 turns).

Borgoz the Slicer (Gargoyle Gladiator)             Turns: 23069, Time: 01:18:45

Health: -9/94      AC: 33    Str: 17    XL:     15   Next: 6%
Magic:  22/22      EV: 14    Int: 11    God:    Ashenzari [***...]
Gold:   999        SH:  0    Dex: 16    Spells: 18/24 levels left

rFire    + + .     SeeInvis +   a - +4 dagger (elec)
rCold    . . .     Gourm    .   (no shield)
rNeg     + . .     Faith    .   u - +4 chain mail {MR+}
rPois    ∞         Spirit   .   x - +0 helmet {SInv}
rElec    +         Reflect  .   S - scarf {cloud immunity}
rCorr    .         Harm     .   h - +0 pair of gloves
MR       ++++.                  F - +2 pair of boots
Stlth    ..........             V - amulet of the Komtur {RegenMP rElec MR+}
HPRegen  0.25/turn              Y - ring "Gaujemme" {rF++ Stlth-}
MPRegen  0.43/turn              D - ring of protection from magic

@: no status effects
A: big wings, negative energy resistance 1, electricity resistance, unbreathing,
petrification resistance, rot immunity, AC +11
a: Fly, Curse Item, Scrying, Renounce Religion


You were on level 14 of the Dungeon.
You worshipped Ashenzari.
Ashenzari was most pleased with you.
You were not hungry.

You visited 3 branches of the dungeon, and saw 19 of its levels.

You collected 1411 gold pieces.
You spent 412 gold pieces at shops.

Inventory:

Hand Weapons
 a - a +4 dagger of electrocution (weapon)
 b - a +0 dagger of draining
 d - a +5 short sword
 t - the +4 scythe of a ziggurat {slice, rC+ Str+2}
   (You found it on level 14 of the Dungeon)

   It inflicts extra damage upon your enemies.
   It affects your strength (+2).
   It protects you from cold.
Armour
 h - a +0 pair of gloves (worn)
 u - a +4 chain mail of magic resistance (worn)
 x - a +0 helmet of see invisible (worn)
 F - a +2 pair of boots (worn)
 K - the +9 plate armour of the Orb {rC+ rN+ rCorr}
   (You found it on level 10 of the Dungeon)

   It protects you from cold.
   It protects you from negative energy.
   It provides partial protection from all sources of acid and corrosion.
 S - a scarf of cloud immunity (worn)
Jewellery
 c - an uncursed ring of protection from cold
 q - an uncursed ring of fire
 D - a ring of protection from magic (right hand)
 V - the amulet of the Komtur (around neck) {RegenMP rElec MR+}
   (You found it on level 9 of the Dungeon)

   [amulet of magic regeneration]

   It increases your magic regeneration.
   It insulates you from electricity.
   It affects your resistance to hostile enchantments.
 W - an uncursed ring of protection from cold
 Y - the ring "Gaujemme" (left hand) {rF++ Stlth-}
   (You found it on level 10 of the Dungeon)

   [ring of attention]

   It greatly protects you from fire.
   It makes you less stealthy.
Wands
 g - a wand of polymorph (6)
 m - a wand of enslavement (11)
 v - a wand of flame (24)
 z - a wand of acid (20)
 O - a wand of disintegration (23)
 Q - a wand of digging (10)
Scrolls
 i - a scroll of fear
 r - a scroll of enchant armour
 s - 8 scrolls of remove curse
 B - a scroll of teleportation
 E - 2 scrolls of blinking
 I - 5 scrolls of fog
 J - 2 scrolls of magic mapping
Potions
 e - a potion of ambrosia {unknown}
 j - a potion of cancellation
 k - a potion of berserk rage
 l - a potion of invisibility
 o - 4 potions of might {unknown}
 p - 2 potions of resistance {unknown}
 w - 2 potions of lignification {unknown}
 M - 4 potions of haste {unknown}
Comestibles
 f - 41 rations
 n - 2 chunks of flesh


   Skills:
 + Level 11.0 Fighting
 * Level 12.7 Short Blades
 - Level 1.7 Throwing
 + Level 10.5 Armour
 * Level 11.8 Dodging
 - Level 7.0 Stealth
 - Level 5.0 Spellcasting
 + Level 4.1 Hexes
 - Level 5.0 Evocations


You had 18 spell levels left.
You knew the following spells:

 Your Spells              Type           Power        Failure   Level  Hunger
a - Confuse               Hex            ##......     71%         3    ###....
b - Regeneration          Chrm/Necr      #.........   99%         3    ###....

Your spell library contained the following spells:

 Spells                   Type           Power        Failure   Level  Hunger
 Corona                   Hex            ##.....      34%         1    None
 Tukima's Dance           Hex            ##......     71%         3    ###....
 Ensorcelled Hibernation  Hex/Ice        #.....       77%         2    ##.....
 Animate Skeleton         Necr           N/A          89%         1    None
 Beastly Appendage        Tmut           #.....       89%         1    None
 Pain                     Necr           #...         89%         1    None
 Sandblast                Erth           #.....       89%         1    None
 Dazzling Spray           Conj/Hex       #.....       94%         3    ###....
 Passwall                 Tmut/Erth      #.......     96%         2    ##.....
 Sticks to Snakes         Tmut           #.......     96%         2    ##.....
 Spider Form              Tmut/Pois      #.........   99%         3    ###....
 Stone Arrow              Conj/Erth      #.....       99%         3    ###....
 Vampiric Draining        Necr           #.........   99%         3    ###....
 Animate Dead             Necr           N/A          100%        4    ####...
 Ice Form                 Ice/Tmut       #.......     100%        4    ####...
 Petrify                  Tmut/Erth      #.......     100%        4    ####...
 Blade Hands              Tmut           #.........   100%        5    ######.
 Lee's Rapid Deconstruct  Erth           #.........   100%        5    ######.


Dungeon Overview and Level Annotations

Branches:
Dungeon (14/15) Temple (1/1) D:6 Lair (4/6) D:9 Shoals (0/4) Lair:2 Spider (0/4) Lair:2 Orc (0/2) D:12 Vaults (0/5) D:12 D:13

Altars:
Ashenzari
Cheibriados
Dithmenos
Elyvilon
Fedhas
Gozag
Hepliaklqana
Kikubaaqudgha
Makhleb
Nemelex Xobeh
Okawaru
Qazlal
Ru
Sif Muna
Trog
Uskayaw
Vehumet
Wu Jian
Xom
Yredelemnul
Zin
The Shining One
Beogh

Shops:
D:7 (   D:8 %   D:12 (

Portals:
Trove: D:12 (give 8 scrolls of blinking)

Annotations:
D:4 3 runed translucent doors, grocchini's ghost, amateur NaTm
D:6 3 runed translucent doors, VAZYLA's ghost, amateur FoAK
D:10 2 runed translucent doors
Lair:2 exclusion: 4 oklob plants


Innate Abilities, Weirdness & Mutations

You are resistant to torment.
Your stone body is resilient. (AC +11)
You are immune to poison.
Your large and strong wings let you fly indefinitely.
You resist negative energy. (rN+)
You are resistant to electric shocks. (rElec)
You can survive without breathing.
You are immune to petrification.
You are immune to rotting.


Message History

The large slime creature hits you but does no damage.
You puncture the enormous slime creature!
The enormous slime creature is heavily wounded.
The enormous slime creature hits you!!
You hit the enormous slime creature.
The enormous slime creature is heavily wounded.
A large slime creature splits.
You puncture the enormous slime creature!
The enormous slime creature is heavily wounded.
The enormous slime creature barely misses you.
You hit the enormous slime creature.
Lightning courses through the enormous slime creature!
The enormous slime creature is heavily wounded.
The slime creature hits you! The slime creature misses you.
You hit the enormous slime creature.
Lightning courses through the enormous slime creature!!
The enormous slime creature is severely wounded.
The enormous slime creature hits you!!!
Ouch! That really hurt!
You die...

..#.....#........................
..#.....#............)....#######
..#######.........>.......# #
......................(...# #
......#######...........(.# #
......#, , #............(#######
......# #........>....((.....
......#, ...#######'###...###'#..
......# ,>.....J@.....#..(#...#..
......#.#......JJ.....+...#...#..
......#^#.............###.#..†#..
'####.#8#........%......#.#...#..
....'.#^############....#.#...#..
...)#.#.#..........#....#.#...#..
....#..............######.#...#..
....#..................(..#####..
....#............................


You could see an enormous slime creature and 2 slime creatures.

Vanquished Creatures
  Frances (D:14)
  Azrael (D:13)
  The ghost of Dogiach the Blocker, a journeyman FoFi of Okawaru (Lair:1)
  Josephine (D:12)
  A great orb of eyes (D:12)
  3 hydras
  3 centaur warriors
  2 two-headed ogres
  A death yak (Lair:4)
  Urug (D:12)
  A wizard (D:14)
  2 unseen horrors
  An oklob plant (Lair:3)
  A wolf spider (Lair:2)
  9 ugly things
  A cyclops (D:14)
  2 manticores
  A merfolk siren (Lair:2)
  3 black mambas
  A centaur zombie (D:12)
  Psyche (D:11)
  5 molten gargoyles (D:13)
  A spiny frog (shapeshifter) (D:14)
  7 spiny frogs
  2 gargoyles (D:11)
  A kobold demonologist (D:12)
  4 komodo dragons
  6 rime drakes
  A polar bear (Lair:1)
  A merfolk (Lair:2)
  5 trolls
  9 blink frogs (Lair:4)
  A hornet (D:8)
  4 slime creatures (D:12)
  6 hippogriffs
  2 redbacks (Lair:2)
  3 wraiths (D:12)
  Sigmund (D:4)
  3 basilisks
  27 yaks
  3 vampires
  3 wyverns
  A shadow (D:14)
  A basilisk (shapeshifter) (D:14)
  6 fire elementals
  16 humans (D:12)
  4 vampire mosquitoes (D:14)
  3 hungry ghosts
  2 wargs (D:9)
  A soldier ant (D:8)
  A hydra simulacrum (Lair:1)
  An acid dragon (D:14)
  A hell hound (D:13)
  5 porcupines
  An ice beast (D:10)
  8 water moccasins
  2 black bears
  5 orc warriors
  2 phantoms
  A hornet zombie (D:13)
  An eye of draining (D:10)
  4 sky beasts
  A necrophage (D:11)
  7 ogres
  4 boggarts (D:14)
  5 wolves (Lair:1)
  19 centaurs
  4 crocodiles
  16 bullfrogs
  2 big kobolds (D:10)
  2 wyvern skeletons
  A wyvern zombie (D:11)
  A troll zombie (D:12)
  2 water moccasin skeletons
  3 scorpions
  9 killer bees
  18 wights
  2 electric eels
  7 howler monkeys
  A rime drake simulacrum (Lair:1)
  4 bullfrog zombies
  5 crimson imps
  A quasit (D:7)
  7 centaur skeletons
  5 jellies
  15 orc wizards
  9 orc priests
  A water moccasin simulacrum (Lair:1)
  2 hounds
  4 bullfrog skeletons
  4 iguanas
  11 hell rats (Lair:2)
  13 worker ants
  5 ogre zombies (D:12)
  A bullfrog simulacrum (Lair:1)
  A basilisk simulacrum (Lair:1)
  A hound zombie (D:11)
  A porcupine simulacrum (Lair:1)
  A worker ant zombie (D:10)
  Robin (D:4)
  3 howler monkey skeletons
  10 adders
  8 gnolls
  A crocodile simulacrum (Lair:1)
  6 river rats (Lair:2)
  3 shadow imps
  An ooze (D:1)
  An adder skeleton (D:5)
  An adder zombie (D:8)
  6 worms
  4 dart slugs
  4 leopard geckos
  35 orcs
  2 ball pythons
  4 giant cockroaches
  19 goblins
  13 hobgoblins
  6 jackals
  23 kobolds
  8 quokkas
  5 bats
  6 frilled lizards
  4 goblin skeletons (D:12)
  A goblin zombie (D:12)
  3 hobgoblin zombies (D:12)
  4 orc skeletons (D:12)
  7 orc zombies (D:12)
  29 rats
612 creatures vanquished.

Vanquished Creatures (others)
  A hippogriff (Lair:2)
  A fungus (Lair:2)
  A plant (Lair:2)
3 creatures vanquished.

Grand Total: 615 creatures vanquished

Notes
Turn   | Place    | Note
-------+----------+-------------------------------------------
     0 | D:1      | Borgoz the Gargoyle Gladiator began the quest for the Orb.
     0 | D:1      | Reached XP level 1. HP: 12/12 MP: 1/1
    73 | D:1      | Reached XP level 2. HP: 12/17 MP: 2/2
   235 | D:1      | Found an iron altar of Okawaru.
   299 | D:1      | Reached skill level 1 in Stealth
   391 | D:1      | Reached skill level 3 in Short Blades
   391 | D:1      | Reached XP level 3. HP: 22/22 MP: 3/3
   800 | D:2      | Noticed a hippogriff
   820 | D:2      | Killed a hippogriff
   820 | D:2      | Reached skill level 1 in Armour
   820 | D:2      | Reached XP level 4. HP: 10/28 MP: 4/4
   820 | D:2      | Reached XP level 5. HP: 11/32 MP: 5/5
  1245 | D:2      | Reached XP level 6. HP: 37/37 MP: 6/6
  1439 | D:2      | Reached skill level 4 in Short Blades
  1817 | D:2      | Found an ancient bone altar of Kikubaaqudgha.
  2101 | D:2      | You fall through a shaft!
  2991 | D:3      | Reached XP level 7. HP: 35/41 MP: 7/7
  3082 | D:4      | Noticed Sigmund
  3096 | D:4      | Killed Sigmund
  3210 | D:4      | Noticed Robin
  3234 | D:5      | Entered Level 5 of the Dungeon
  3393 | D:5      | Found a glowing silver altar of Zin.
  3432 | D:5      | Reached skill level 5 in Short Blades
  3455 | D:5      | Reached XP level 8. HP: 41/48 MP: 8/8
  3511 | D:5      | Found a bloodstained altar of Trog.
  3649 | D:4      | Killed Robin
  3774 | D:4      | Noticed grocchini's ghost (amateur NaTm)
  3849 | D:4      | Reached skill level 5 in Dodging
  3926 | D:4      | Found a runed translucent gate.
  3926 | D:4      | Found a runed translucent gate.
  3926 | D:4      | Found a runed translucent gate.
  4560 | D:6      | Found a runed translucent gate.
  4560 | D:6      | Found a runed translucent gate.
  4560 | D:6      | Found a runed translucent gate.
  4566 | D:6      | Noticed VAZYLA's ghost (amateur FoAK)
  4566 | D:6      | Identified the cursed +1 trident of Dithmenos's Generosity
                  | {freeze, Str+3 Int+2}
  4567 | D:6      | Found a roughly hewn altar of Beogh.
  4632 | D:6      | Reached skill level 6 in Short Blades
  4682 | D:6      | Reached skill level 5 in Fighting
  4697 | D:6      | Reached XP level 9. HP: 28/54 MP: 9/9
  4891 | D:6      | Found a sacrificial altar of Ru.
  5154 | D:6      | Found a staircase to the Ecumenical Temple.
  5280 | Temple   | Entered the Ecumenical Temple
  5919 | D:7      | Found a snail-covered altar of Cheibriados.
  6108 | D:7      | Found Vaolitt's Weapon Emporium.
  6148 | D:7      | Reached skill level 5 in Armour
  6423 | D:7      | Reached skill level 7 in Short Blades
  7347 | D:8      | You fall through a shaft for 2 floors!
  7347 | D:10     | Entered Level 10 of the Dungeon
  7652 | D:10     | Reached XP level 10. HP: 61/61 MP: 10/10
  7667 | D:10     | Found a large runed translucent door.
  7669 | D:10     | Found a large runed translucent door.
  7710 | D:10     | Found a large runed translucent door.
  7711 | D:10     | Found a large runed translucent door.
  7930 | D:9      | Reached skill level 8 in Short Blades
  7949 | D:9      | Got a bloodstained war axe
  7959 | D:8      | Found a sparkling altar of Nemelex Xobeh.
  8090 | D:8      | Found a shattered altar of Ashenzari.
  8102 | D:8      | Became a worshipper of Ashenzari the Shackled
  8253 | D:8      | Found Loprod's Food Shoppe.
  8861 | D:9      | Identified the amulet of the Komtur {RegenMP rElec MR+}
  8982 | D:9      | Found a burning altar of Makhleb.
  9277 | D:9      | Found a staircase to the Lair.
  9773 | D:10     | Identified the ring "Gaujemme" {rF++ Stlth-}
  9777 | D:10     | Reached skill level 9 in Short Blades
  9786 | D:10     | Reached skill level 10 in Short Blades
  9786 | D:10     | Reached XP level 11. HP: 69/69 MP: 11/11
  9861 | D:10     | Noticed a white ugly thing
  9872 | D:10     | Killed a white ugly thing
  9872 | D:10     | Reached XP level 12. HP: 74/75 MP: 12/12
  9886 | D:10     | Got the uncursed plate armour of the Orb {rC+ rN+ rCorr}
  9897 | D:10     | Identified the +9 plate armour of the Orb {rC+ rN+ rCorr}
                  | (You found it on level 10 of the Dungeon)
 10295 | D:11     | Noticed Psyche
 10352 | D:11     | Killed Psyche
 10376 | D:11     | Reached skill level 1 in Spellcasting
 10422 | D:11     | Reached skill level 1 in Evocations
 11758 | D:12     | Reached * piety under Ashenzari
 11843 | D:12     | Found Inumao Vixke's Weapon Boutique.
 11852 | D:12     | Bought the cursed +2 rapier of Ancient Evil {flame, *Noise
                  | MR+ Dex+4} for 412 gold pieces
 11852 | D:12     | Identified the cursed +1 war axe of Xecwa {pain, MP+9} (You
                  | found it on level 9 of the Dungeon)
 11968 | D:12     | Reached skill level 10 in Dodging
 12044 | D:12     | Paralysed by fainting for 12 turns
 12109 | D:12     | Found a staircase to the Orcish Mines.
 12164 | D:12     | Noticed Josephine
 12182 | D:12     | Killed Josephine
 12182 | D:12     | Reached skill level 5 in Stealth
 12461 | D:12     | Reached XP level 13. HP: 64/80 MP: 17/17
 12472 | D:12     | Reached skill level 11 in Short Blades
 12533 | D:12     | Found a portal to a secret trove of treasure.
 13055 | Lair:1   | Entered Level 1 of the Lair of Beasts
 13122 | Lair:1   | Found a runed translucent gate.
 13123 | Lair:1   | Found a runed translucent gate.
 13126 | Lair:1   | Found a runed translucent gate.
 13435 | Lair:1   | Noticed Dogiach's ghost (journeyman FoFi)
 13665 | Lair:1   | Learned a level 3 spell: Confuse
 13986 | Lair:1   | Killed Dogiach's ghost
 14823 | Lair:2   | Learned a level 3 spell: Regeneration
 14919 | Lair:2   | Found a staircase to the Shoals.
 15367 | Lair:2   | Reached ** piety under Ashenzari
 15424 | Lair:2   | Reached skill level 1 in Hexes
 15955 | Lair:2   | Found a hole to the Spider Nest.
 15982 | Lair:2   | Reached skill level 10 in Fighting
 16760 | D:13     | Noticed a great orb of eyes
 16958 | D:13     | Found a gate to the Vaults.
 16958 | D:13     | Noticed Urug
 17037 | D:12     | Killed Urug
 17543 | D:12     | Killed a great orb of eyes
 17543 | D:12     | Gained mutation: Your large and strong wings let you fly
                  | indefinitely. [Gargoyle growth]
 17543 | D:12     | Reached XP level 14. HP: 82/88 MP: 20/20
 17979 | D:13     | Noticed Azrael
 18091 | D:13     | Killed Azrael
 18522 | D:13     | Reached skill level 12 in Short Blades
 19201 | Lair:3   | Found a blossoming altar of Fedhas.
 19431 | Lair:3   | Reached skill level 10 in Armour
 20091 | Lair:4   | Reached *** piety under Ashenzari
 20169 | Lair:4   | Reached skill level 5 in Evocations
 20333 | Lair:4   | Reached skill level 5 in Spellcasting
 21444 | D:14     | Got the scythe of a ziggurat {slice, rC+ Str+2}
 22481 | D:14     | Noticed Frances
 22504 | D:14     | Killed Frances
 22831 | D:14     | Reached XP level 15. HP: 94/94 MP: 22/22
 23069 | D:14     | Mangled by an enormous slime creature

Skill      XL: |  1  2  3  4  5  6  7  8  9 10 11 12 13 14 |
---------------+-------------------------------------------+-----
Stealth        | 1 2 3 5 6 7 |  7.0
Short Blades   | 3 4 5 6 7 10 11 12 | 12.7
Fighting       | 3 4 5 6 8 9 10 11 | 11.0
Armour         | 1 2 3 4 5 8 9 10 | 10.5
Dodging        | 3 4 5 7 9 10 11 | 11.8
Spellcasting   | 2 4 5 |  5.0
Evocations     | 2 4 5 |  5.0
Hexes          | 2 4 |  4.1
Throwing       | |  1.7

Action                   |  1- 3 |  4- 6 |  7- 9 | 10-12 | 13-15 || total
-------------------------+-------+-------+-------+-------+-------++-------
Melee: Rapier            |    88 |   127 |       |   355 |    68 ||   638
       Dagger            |       |   118 |   592 |   783 |  1912 ||  3405
Throw: Throwing net      |     2 |       |     7 |     1 |       ||    10
Evoke: Wand              |       |       |     5 |     8 |     7 ||    20
  Use: Scroll            |       |       |     6 |     3 |    23 ||    32
       Potion            |       |       |     2 |     3 |    11 ||    16
 Stab: Held in net/web   |     2 |       |       |       |       ||     2
       Sleeping          |     1 |     4 |       |       |       ||     5
       Paralysed         |       |       |       |     4 |       ||     4
       Invisible         |       |       |       |     3 |       ||     3
  Eat: Chunk             |       |     6 |    13 |    12 |    30 ||    61
       Ration            |       |       |     1 |     2 |     2 ||     5
Armor: Leather armour    |    34 |    44 |       |       |       ||    78
       Chain mail        |       |    40 |   344 |   179 |   198 ||   761
       Plate armour      |       |       |       |   344 |   840 ||  1184
Dodge: Dodged            |    65 |   139 |   198 |   366 |   759 ||  1527
